 Dungeon Crawl Stone Soup version 0.28.0 (webtiles) character file.

Game seed: 6391932744821352200

44 Findor the Cutter (level 3, -1/22 HPs)
             Began as a Gargoyle Gladiator on Feb 8, 2022.
             Slain by a hobgoblin (4 damage)
             ... led by Robin
             ... on level 2 of the Dungeon.
             The game lasted 00:01:44 (1519 turns).

Findor the Cutter (Gargoyle Gladiator)              Turns: 1519, Time: 00:01:45

Health: -1/22      AC:  7    Str: 19    XL:     3   Next: 62%
Magic:  3/3        EV: 12    Int:  8    God:
Gold:   67         SH:  0    Dex: 11    Spells: 2/2 levels left

rFire   . . .      SeeInvis .   g - +1 dagger (elec)
rCold   . . .      Faith    .   (no shield)
rNeg    + . .      Spirit   .   b - +0 leather armour
rPois   ∞          Reflect  .   c - +0 helmet
rElec   +          Harm     .   (no cloak)
rCorr   .          Rampage  .   (no gloves)
Will    .....                   (no boots)
Stlth   +.........              (no amulet)
HPRegen 0.07/turn               (no ring)
MPRegen 0.08/turn               (no ring)

@: no status effects
A: sickness immunity, AC +3, negative energy resistance 1, electricity
resistance, torment resistance 1, petrification resistance
a: no special abilities


You were on level 2 of the Dungeon.
You visited 1 branch of the dungeon, and saw 2 of its levels.

You collected 67 gold pieces.


Innate Abilities, Weirdness & Mutations

You are immune to sickness and miasma.
Your stone body is resilient. (AC +3)
You are immune to poison.
You resist negative energy. (rN+)
You are resistant to electric shocks. (rElec)
You are resistant to unholy torment.
You are immune to petrification.


   Skills:
 - Level 2.6 Fighting
 - Level 3.0 Short Blades
 * Level 1.5 Maces & Flails
 - Level 2.1 Throwing
 - Level 2.6 Dodging


You had 2 spell levels left.
You didn't know any spells.
Your spell library was empty.

Inventory:

Hand Weapons
 a - a +0 rapier
 g - a +1 dagger of electrocution (weapon)
   (You took it off a goblin on level 1 of the Dungeon)
 j - a +0 whip
   (You took it off a kobold on level 1 of the Dungeon)
Missiles
 d - 3 throwing nets (quivered) {!f}
Armour
 b - a +0 leather armour (worn)
 c - a +0 helmet (worn)
 h - a +0 pair of boots
   (You found it on level 1 of the Dungeon)
Scrolls
 e - a scroll of enchant armour {unknown}
Potions
 f - a potion of might {unknown}
 i - a potion of berserk rage {unknown}
 k - a potion of curing {unknown}
 l - a potion of mutation {unknown}


Message History

You kill the goblin!
Robin throws the goblin at you! The goblin hits you with a +0 dagger.
* * * LOW HITPOINT WARNING * * *
You closely miss the goblin. You hit the goblin.
Lightning courses through the goblin!
You kill the goblin!
The hobgoblin hits you but does no damage.
The goblin barely misses you.
Items here: ! ( )))) ††.
You hit the goblin. Lightning courses through the goblin!
You kill the goblin!
You hit the hobgoblin but do no damage.
Lightning courses through the hobgoblin!
You kill the hobgoblin!
The hobgoblin barely misses you.
The goblin no longer looks unusually strong.
The hobgoblin barely misses you. The hobgoblin hits you.
* * * LOW HITPOINT WARNING * * *
Things that are here:
a +0 club; a hobgoblin corpse; a goblin corpse Unknown command.
The hobgoblin misses you.
Robin roars a battlecry!
The goblin goes into a battle-frenzy!
Items here: ! ( )))) ††.
You see here a +0 dagger.
The hobgoblin no longer looks unusually strong.
You hit the hobgoblin. The hobgoblin hits you.
* * * LOW HITPOINT WARNING * * *
Robin roars a battlecry!
The hobgoblin goes into a battle-frenzy!
You hit the hobgoblin. The hobgoblin closely misses you.
You hit the hobgoblin.
Lightning courses through the hobgoblin!
You kill the hobgoblin!
You hit the hobgoblin.
Robin flexes a bicep menacingly.
The hobgoblin hits you but does no damage.
The giant cockroach waves its antennae.
You hit the hobgoblin but do no damage. Robin throws the goblin at you!
The goblin misses you. The hobgoblin hits you.
* * * LOW HITPOINT WARNING * * *
You closely miss the hobgoblin. The goblin barely misses you.
The hobgoblin hits you but does no damage.
You closely miss the hobgoblin. You hit the hobgoblin but do no damage.
The goblin hits you but does no damage. The hobgoblin closely misses you.
You hit the hobgoblin. The goblin hits you but does no damage.
The hobgoblin hits you.
You die...

#..#####.##.......
#..#.......# #....#.#..#
##.......## #.#.#.#.#
#.#....g# #.#####B# #.###
#g# #...###@# ###...#g#
###.#.######### ########
#.)...#.....## ##......##
###.#...#.#..## ##........##
#.##.........
#..........#####.##..#.#.##.
#..........#................
#....................†|#####


You could see Robin, a giant cockroach, a hobgoblin (strong) and a goblin
(strong).

Vanquished Creatures
  A worm (D:2)
  4 endoplasms
  10 goblins
  3 hobgoblins
  4 jackals (D:1)
  2 quokkas (D:2)
  2 ball pythons (D:1)
  2 bats (D:1)
  3 frilled lizards (D:1)
  3 kobolds
  2 rats (D:1)
36 creatures vanquished.

Notes
Turn   | Place    | Note
-------+----------+-------------------------------------------
     0 | D:1      | Findor the Gargoyle Gladiator began the quest for the Orb.
     0 | D:1      | Reached XP level 1. HP: 12/12 MP: 1/1
    66 | D:1      | Reached XP level 2. HP: 10/18 MP: 2/2
   279 | D:1      | q
   438 | D:1      | HP: 2/18 [frozen (4)]
   716 | D:1      | Found a faded altar of an unknown god.
   731 | D:1      | Reached skill level 3 in Short Blades
   838 | D:1      | Reached XP level 3. HP: 21/22 MP: 3/3
  1210 | D:2      | Found a shimmering altar of Xom.
  1246 | D:2      | Reached skill level 1 in Maces & Flails
  1476 | D:2      | Noticed Robin
  1515 | D:2      | HP: 3/22 [hobgoblin[Robin] (3)]
  1519 | D:2      | Slain by a hobgoblin

Levels and vault maps discovered:
D:1:      mrwooster_arrival_statue_2, layout_loops_ring,
          hellmonk_ecumenical_altar_arch_garden
D:2:      layout_rooms, basic_altar, serial_glass, glass_columns_a,
          glass_columns_a, glass_columns_b, glass_columns_a, glass_columns_a,
          glass_columns_c, uniq_robin

Action                   || total
-------------------------++-------
Melee: Rapier            ||    65
       Punch             ||     1
       Dagger            ||    56
Armor: Leather armour    ||    47
Dodge: Dodged            ||    76
